 Dungeon Crawl Stone Soup version 0.29.1-4-g47bece8355 (webtiles) character file.

Game seed: 2222682121219359095

84 Hiippo the Trooper (level 4, -4/37 HPs)
             Began as a Formicid Abyssal Knight on Dec 5, 2022.
             Was a Priest of Lugonu.
             Slain by Natasha (6 damage)
             ... on level 2 of the Dungeon.
             The game lasted 00:07:07 (2529 turns).

Hiippo the Trooper (Formicid Abyssal Knight)        Turns: 2529, Time: 00:07:07

Health: -4/37      AC:  5    Str: 20    XL:     4   Next: 74%
Magic:  6/6        EV: 11    Int:  9    God:    Lugonu [***...]
Gold:   119        SH:  0    Dex: 14    Spells: 3/3 levels left

rFire   . . .      SeeInvis +   a - +1 hand axe
rCold   . . .      Faith    .   (no shield)
rNeg    . . .      Spirit   .   c - +0 ring mail
rPois   .          Reflect  .   (helmet unavailable)
rElec   .          Harm     .   (no cloak)
rCorr   .          Rampage  .   (no gloves)
Will    .....                   (no boots)
Stlth   +.........              (no amulet)
HPRegen 0.12/turn               (no ring)
MPRegen 0.10/turn               (no ring)

@: no status effects
A: permanent stasis, dig shafts and tunnels, antennae 3, four strong arms
a: Dig, Shaft Self, Renounce Religion, Depart the Abyss, Bend Space, Banish


You were on level 2 of the Dungeon.
You worshipped Lugonu.
Lugonu was most pleased with you.
You visited 1 branch of the dungeon, and saw 2 of its levels.
You visited the Abyss 1 time.

You collected 119 gold pieces.

Inventory:

Hand Weapons
 a - a +1 hand axe (weapon)
Missiles
 h - 9 stones
Armour
 b - a +1 leather armour
 c - a +0 ring mail (worn)
Scrolls
 d - a scroll of fear
 e - a scroll of teleportation {unknown}
 i - a scroll of identify
Potions
 f - 2 potions of flight
 g - a potion of cancellation


   Skills:
 + Level 4.0 Fighting
 + Level 2.7 Axes
 - Level 2.8 Armour
 - Level 1.6 Dodging
 - Level 3.0 Invocations


You had 3 spell levels left.
You didn't know any spells.
Your spell library was empty.

Dungeon Overview and Level Annotations

Branches:
Dungeon (2/15)

Altars:
Vehumet

Shops:
D:2 [

Annotations:
D:2 Natasha
Abyss:1 Robin


Innate Abilities, Weirdness & Mutations

You cannot be hasted, slowed, berserked, paralysed or teleported.
You can dig through walls and to a lower floor.
You have a pair of large antennae on your head. (SInv)
Your four strong arms can wield two-handed weapons with a shield.


Message History

The magic dart hits you.
Natasha mumbles some strange words.
You slash Natasha!
Natasha is severely wounded.
Natasha claws you but does no damage.
You miss Natasha.
Natasha is severely wounded.
You hit the shadow imp. The shadow imp barely misses you.
Natasha barely misses you.
You hit Natasha but do no damage.
Natasha is severely wounded.
You closely miss the shadow imp. The shadow imp barely misses you.
Natasha casts a spell at you.
Your stasis prevents you from being slowed.
You hit Natasha.
Natasha is severely wounded.
You hit the shadow imp but do no damage.
The shadow imp hits you. Natasha casts a spell at you. The magic dart hits you!
You hit Natasha but do no damage.
Natasha is severely wounded.
You hit the shadow imp but do no damage.
The shadow imp gestures at you. Pain shoots through your body!
* * * LOW HITPOINT WARNING * * *
Natasha claws you but does no damage.
You hit Natasha.
Natasha is almost dead.
You hit the shadow imp.
The shadow imp hits you but does no damage.
Natasha claws you.
* * * LOW HITPOINT WARNING * * *
You barely miss Natasha.
Natasha is almost dead.
You barely miss the shadow imp. The shadow imp misses you.
Natasha howls an incantation.
Natasha's front paws start to glow.
Natasha claws you.
You die...

#.###############.#.#
#.................#.#
###################.#
....# #..<..# ###...#
#####.# .....#
#....#######+####
###5...#..........#
#..h@..#..........#
#.###..#..........#
#..#..........#
#..'.......>..# #
.###.##..........###
...................'
####.>....##########
....................
####......#####.'###


You could see Natasha and a shadow imp (summoned).

Vanquished Creatures
  An adder (D:2)
  A dart slug (D:1)
  8 endoplasms
  A giant cockroach (D:2)
  13 goblins
  4 hobgoblins (D:2)
  6 jackals
  3 kobolds
  A quokka (D:1)
  3 ball pythons (D:1)
  4 bats
  7 frilled lizards
  3 rats
55 creatures vanquished.

Notes
Turn   | Place    | Note
-------+----------+-------------------------------------------
     0 | Abyss:1  | Hiippo the Formicid Abyssal Knight began the quest for the
                  | Orb.
     0 | Abyss:1  | Reached XP level 1. HP: 18/18 MP: 2/2
     1 | D:1      | Escaped the Abyss
    63 | D:1      | Reached skill level 1 in Dodging
   332 | D:1      | Reached XP level 2. HP: 24/24 MP: 3/3
   755 | D:1      | Reached XP level 3. HP: 28/29 MP: 4/4
  1052 | D:1      | Found a faded altar of an unknown god.
  1175 | D:1      | Reached *** piety under Lugonu
  1487 | D:2      | Found a radiant altar of Vehumet.
  1612 | D:2      | Reached XP level 4. HP: 35/37 MP: 6/6
  1639 | D:2      | Identified the ring "Fapn" {*Corrode EV+4 Int+6 Dex+4}
  1696 | D:2      | Noticed Robin
  1700 | D:2      | Banished Robin
  2020 | D:2      | Reached skill level 4 in Fighting
  2513 | D:2      | Found Gunlam's Armour Shop.
  2516 | D:2      | Noticed Natasha
  2529 | D:2      | Slain by Natasha

Illustrated notes

Levels and vault maps discovered:
D:1:      dpeg_arrival_simpleton_c, layout_basic, basic_ecumenical_altar,
          minmay_heptomino_o4
D:2:      layout_basic, serial_shops, shop, basic_altar, minivault_11,
          uniq_robin, uniq_natasha

Skill      XL: |  1  2  3  4 |
---------------+-------------+-----
Dodging        | 1 |  1.6
Invocations    | 3 |  3.0
Fighting       | 4 |  4.0
Axes           | |  2.7
Armour         | |  2.8

Action                   |  1- 3 |  4- 6 || total
-------------------------+-------+-------++-------
Melee: Hand axe          |    91 |    58 ||   149
       Punch             |     1 |       ||     1
Invok: Banish            |       |     1 ||     1
  Use: Scroll            |     5 |       ||     5
       Potion            |     4 |       ||     4
 Stab: Sleeping          |     1 |       ||     1
Armor: Leather armour    |    37 |    13 ||    50
       Ring mail         |       |     5 ||     5
Dodge: Dodged            |    68 |    29 ||    97
